 Dungeon Crawl Stone Soup version 0.31-a0-83-gbff143cfd1 (webtiles) character file.

Game seed: 7188881424851731336

102 rocky1 the Digger (level 4, -6/24 HPs)
             Began as a Deep Elf Earth Elementalist on May 25, 2023.
             Mangled by an ogre
             ... wielding a +0 giant spiked club
              (29 damage)
             ... on level 4 of the Dungeon.
             The game lasted 00:05:44 (2049 turns).

rocky1 the Digger (Deep Elf Earth Elementalist)     Turns: 2049, Time: 00:05:45

Health: -6/24      AC:  2    Str:  5    XL:     4   Next: 50%
Magic:  18/21      EV: 12    Int: 22    God:
Gold:   146        SH:  0    Dex: 15    Spells: 1/11 levels left

rFire   . . .        p - +0 rapier
rCold   . . .        (no shield)
rNeg    . . .        a - +0 robe
rPois   .            (no helmet)
rElec   .            (no cloak)
rCorr   .            (no gloves)
SInv    .            (no boots)
Will    .....        (no amulet)
Stlth   ++           k - ring of magical power
HPRegen 0.24/turn    (no ring)
MPRegen 0.17/turn

%: no passive effects
@: no status effects
A: no striking features
a: no special abilities


You were on level 4 of the Dungeon.
You visited 1 branch of the dungeon, and saw 4 of its levels.

You collected 146 gold pieces.

Inventory:

Hand Weapons
 p - a +0 rapier (weapon)
Missiles
 q - 3 poisoned darts
Armour
 a - a +0 robe (worn)
Jewellery
 k - a ring of magical power (left hand)
 o - an amulet of the acrobat
Scrolls
 c - 2 scrolls of fog {unknown}
 d - a scroll of magic mapping {unknown}
 e - a scroll of amnesia {unknown}
 g - 4 scrolls of identify {unknown}
 j - 2 scrolls of teleportation {unknown}
 l - a scroll of vulnerability {unknown}
 m - a scroll of enchant weapon {unknown}
 n - a scroll of brand weapon {unknown}
Potions
 b - a potion of magic
 f - 3 potions of curing {unknown}
 h - a potion of ambrosia {unknown}
 i - a potion of heal wounds {unknown}


   Skills:
 - Level 2.4 Dodging
 - Level 2.4 Stealth
 - Level 4.2 Spellcasting
 + Level 0.7 Conjurations
 + Level 1.4 Transmutations
 * Level 5.1 Earth Magic


You had one spell level left.
You knew the following spells:

 Your Spells              Type           Power      Damage    Failure   Level
a - Sandblast             Erth           54%        2d13      1%          1
b - Stone Arrow           Conj/Erth      30%        3d8       12%         3
c - Passwall              Tmut/Erth      13%        N/A       5%          2
d - Petrify               Tmut/Erth      16%        N/A       34%         4

Your spell library contained the following spells:

 Spells                   Type           Power      Damage    Failure   Level
 Cigotuvi's Dreadful Rot  Necr/Pois/Air  2%         N/A       22%         2
 Ignite Poison            Fire/Tmut/Pois 3%         N/A       36%         3
 Inner Flame              Hex/Fire       2%         N/A       38%         3
 Yara's Violent Unravell  Hex/Tmut       2%         3d3       96%         5
 Freezing Cloud           Conj/Ice/Air   1%         6-21      98%         5
 Enfeeble                 Hex            2%         N/A       100%        7


Dungeon Overview and Level Annotations

Branches:
Dungeon (4/15)
 Temple: D:4-7

Altars:
Ashenzari
Fedhas
Qazlal
Ru
Xom

Shops:
D:4 [


Message History

g - 3 scrolls labelled JEC NODDUA (gained 1)
Found Veequ's Armour Boutique.
Found a stone staircase leading down.
Found a scroll labelled JEC NODDUA.
Found a stone staircase leading up.
Found 2 dark potions.
A hobgoblin comes into view.
The hobgoblin shouts!
Aiming: Sandblast (safe; 1% risk of failure)
Press: ? - help, Q - select action, (/) - cycle Shift-Dir - straight line, f - hobgoblin
Aim: a hobgoblin (83% to hit)
The blast of sand hits the hobgoblin!
You kill the hobgoblin!
Unknown command.
g - 4 scrolls labelled JEC NODDUA (gained 1)
There is a stone staircase leading up here.
You see here a hobgoblin corpse.
There is an entrance to Veequ's Armour Boutique here.
An ogre comes into view. It is wielding a +0 giant spiked club.
The ogre shouts!
There is a stone staircase leading down here.
There is a stone staircase leading down here.
Aiming: Sandblast (safe; 1% risk of failure)
Press: ? - help, Q - select action, (/) - cycle Shift-Dir - straight line, f - ogre
Aim: an ogre, wielding a +0 giant spiked club (92% to hit)
The blast of sand hits the ogre!
The ogre is heavily wounded.
Aiming: Sandblast (safe; 1% risk of failure)
Press: ? - help, Q - select action, (/) - cycle Shift-Dir - straight line, f/p - ogre
Aim: an ogre, wielding a +0 giant spiked club (heavily wounded, 92% to hit)
The blast of sand hits the ogre.
The ogre is heavily wounded.
The ogre hits you with a +0 giant spiked club.
Aiming: Sandblast (safe; 1% risk of failure)
Press: ? - help, Q - select action, (/) - cycle Shift-Dir - straight line, f/p - ogre
Aim: an ogre, wielding a +0 giant spiked club (heavily wounded, 92% to hit)
The blast of sand hits the ogre!
The ogre is almost dead.
The ogre hits you with a +0 giant spiked club!!
Ouch! That really hurt!
You die...

#######
#....8#########
#!............#
#..@.∩.<.#
#..O.....#
#..##8.###
##..###.#
....###.##
..........#
###..#.##..#
#..#. #..# #
#..#


You could see an ogre.

Vanquished Creatures
  3 adders
  3 worms (D:2)
  A dart slug (D:3)
  2 ball pythons
  3 bats
  4 endoplasms
  3 giant cockroaches (D:1)
  6 goblins (D:1)
  8 hobgoblins
  7 jackals
  3 kobolds (D:1)
  2 quokkas
  5 frilled lizards
  10 rats
60 creatures vanquished.

Notes
Turn   | Place    | Note
-------+----------+-------------------------------------------
     0 | D:1      | rocky1 the Deep Elf Earth Elementalist began the quest for
                  | the Orb.
     0 | D:1      | Reached XP level 1. HP: 10/10 MP: 6/6
   122 | D:1      | Reached XP level 2. HP: 15/15 MP: 2/8
   234 | D:1      | Reached skill level 4 in Earth Magic
   344 | D:1      | Reached XP level 3. HP: 14/19 MP: 0/10
  1072 | D:2      | Reached XP level 4. HP: 24/24 MP: 8/12
  1076 | D:2      | Learned a level 3 spell: Stone Arrow
  1079 | D:2      | Learned a level 2 spell: Passwall
  1084 | D:2      | Learned a level 4 spell: Petrify
  1643 | D:3      | Reached skill level 5 in Earth Magic
  1904 | D:3      | Found a broken altar of Ashenzari.
  1906 | D:3      | Found a stormy altar of Qazlal.
  1906 | D:3      | Found a blossoming altar of Fedhas.
  1908 | D:3      | Found a shimmering altar of Xom.
  1909 | D:3      | Found a sacrificial altar of Ru.
  2005 | D:3      | You fall into a shaft and drop 1 floor!
  2027 | D:4      | Found Veequ's Armour Boutique.
  2043 | D:4      | Noticed an ogre
  2049 | D:4      | Mangled by an ogre

Illustrated notes

Levels and vault maps discovered:
D:1:      minmay_arrival_open_corners, layout_rooms, serial_bayou_ford_a,
          minmay_tromino_v7
D:2:      layout_rooms, minmay_misc_feat_encased
D:3:      layout_loops_corners, grunt_temple_overflow_open,
          nicolae_nh_oracle_at_delphi
D:4:      layout_loops_ring, serial_shops, shop_coins, nicolae_stop_n_shop_2,
          shop

Skill      XL: |  1  2  3  4 |
---------------+-------------+-----
Earth Magic    | 4 5 |  5.1
Spellcasting   | 4 |  4.2
Dodging        | |  2.4
Stealth        | |  2.4
Conjurations   | |  0.7
Transmutations | |  1.4

Action                     |  1- 3 |  4- 6 || total
---------------------------+-------+-------++-------
   Cast: Sandblast         |    55 |    28 ||    83
 Armour: Robe              |     2 |       ||     2
  Dodge: Dodged            |    17 |       ||    17

Table legend: (Time is in decaauts)
 A = Elapsed time spent in this place.
 B = Non-inter-level travel time spent in this place.
 C = Inter-level travel time spent in this place.
 D = Time resting spent in this place.
 E = Time spent auto-exploring this place.
 F = Levels seen in this place.
 G = Mean time per level.
                   A        B        C        D        E       F      G
               +--------+--------+--------+--------+--------+-----+--------+
         Total |   2099 |   2056 |     43 |    297 |   1326 |   4 |  524.8 |
       Dungeon |   2099 |   2056 |     43 |    297 |   1326 |   4 |  524.8 |
               +--------+--------+--------+--------+--------+-----+--------+

Top non-repeatable levels by time:
     D:1: 1003 daAuts
     D:2: 602 daAuts
     D:3: 447 daAuts
     D:4: 45 daAuts
